 Dungeon Crawl Stone Soup version 0.31-a0-38-g1548c4f2a5 (webtiles) character file.

Game seed: 1193608180920725099

2 martin the Grave Robber (level 1, -1/10 HPs)
             Began as a Deep Elf Necromancer on May 16, 2023.
             Slain by a kobold
             ... wielding a +0 dagger
              (3 damage)
             ... on level 1 of the Dungeon.
             The game lasted 00:02:35 (266 turns).

martin the Grave Robber (Deep Elf Necromancer)       Turns: 266, Time: 00:02:38

Health: -1/10      AC:  2    Str:  5    XL:     1   Next: 25%
Magic:  5/6        EV: 12    Int: 19    God:
Gold:   27         SH:  0    Dex: 15    Spells: 5/6 levels left

rFire   . . .        (no weapon)
rCold   . . .        (no shield)
rNeg    . . .        a - +0 robe
rPois   .            (no helmet)
rElec   .            (no cloak)
rCorr   .            (no gloves)
SInv    .            (no boots)
Will    .....        (no amulet)
Stlth   ++           (no ring)
HPRegen 0.21/turn    (no ring)
MPRegen 0.10/turn

%: no passive effects
@: no status effects
A: no striking features
a: no special abilities


You were on level 1 of the Dungeon.
You visited 1 branch of the dungeon, and saw 1 of its levels.

You collected 27 gold pieces.

Inventory:

Armour
 a - a +0 robe (worn)
 f - a +0 robe
 g - a +0 leather armour
Scrolls
 d - a scroll of amnesia {unknown}
Potions
 b - a potion of magic
 c - a potion of degeneration {unknown}
 e - a potion of mutation {unknown}


   Skills:
 + Level 2.4 Dodging
 + Level 2.4 Stealth
 + Level 3.0 Spellcasting
 + Level 4.9 Necromancy


You had 5 spell levels left.
You knew the following spells:

 Your Spells              Type           Power      Damage    Failure   Level
a - Necrotise             Necr           84%        1d8       1%          1

Your spell library contained the following spells:

 Spells                   Type           Power      Damage    Failure   Level
 Vampiric Draining        Necr           21%        2d7       6%          3
 Animate Dead             Necr           21%        N/A       21%         4
 Agony                    Necr           21%        N/A       50%         5


Dungeon Overview and Level Annotations

Branches:
Dungeon (1/15)

Altars:


Message History

* * * LOW HITPOINT WARNING * * *
The hobgoblin attacks as you move away! The hobgoblin misses you.
The hobgoblin barely misses you.
The hobgoblin hits you but does no damage.
The kobold hits you with a +0 dagger.
* * * LOW HITPOINT WARNING * * *
You hit the kobold but do no damage.
Your goblin skeleton hits the hobgoblin.
The hobgoblin barely misses you. The kobold hits you with a +0 dagger.
* * * LOW HITPOINT WARNING * * *
The kobold misses you.
Your goblin skeleton closely misses the hobgoblin.
Found a pair of boots.
The hobgoblin barely misses you. The kobold closely misses you.
Your goblin skeleton closely misses the hobgoblin.
The hobgoblin attacks as you move away! The hobgoblin misses you.
The kobold barely misses you.
Your goblin skeleton barely misses the kobold.
Your goblin skeleton barely misses the kobold.
The kobold attacks as you move away! The kobold barely misses you.
The hobgoblin attacks as you move away! The hobgoblin barely misses you.
Your goblin skeleton crumbles into dust!
The hobgoblin hits you.
* * * LOW HITPOINT WARNING * * *
You hit the kobold but do no damage. The hobgoblin barely misses you.
The kobold barely misses you.
You hit the kobold but do no damage. The hobgoblin barely misses you.
The kobold hits you but does no damage.
You closely miss the kobold.
The hobgoblin hits you but does no damage.
The kobold completely misses you.
The hobgoblin hits you but does no damage.
The kobold closely misses you.
Aiming: Necrotise (safe; 1% risk of failure)
Press: ? - help, Q - select action Shift-Dir - straight line, f - hobgoblin
Aim: a hobgoblin (chance to affect: 90%)
The hobgoblin writhes in agony!
You kill the hobgoblin!
The dead are walking!
The kobold hits you with a +0 dagger.
You die...

....... .......
....... .......
.......
.......########
....[.........#
.. #.@.....#
...#####KZ.....#
........)..!...#
.##.##.)......#
#.##.##.########
..........# ###
# #.##.#....#
#.#.# ## #
#....####.#.# .#
+....+...>..# .#


You could see a kobold (ally target) and a friendly hobgoblin skeleton.

Vanquished Creatures
  A goblin (D:1)
  A hobgoblin (D:1)
  A rat (D:1)
3 creatures vanquished.

Notes
Turn   | Place    | Note
-------+----------+-------------------------------------------
     0 | D:1      | martin the Deep Elf Necromancer began the quest for the
                  | Orb.
     0 | D:1      | Reached XP level 1. HP: 10/10 MP: 6/6
   266 | D:1      | Slain by a kobold

Illustrated notes

Levels and vault maps discovered:
D:1:      eino_arrival_water_cross, layout_basic, serial_shops, shop

Action                     || total
---------------------------++-------
  Melee: Unarmed           ||    12
   Cast: Necrotise         ||     3
 Armour: Robe              ||     9
  Dodge: Dodged            ||    17

Table legend: (Time is in decaauts)
 A = Elapsed time spent in this place.
 B = Non-inter-level travel time spent in this place.
 C = Inter-level travel time spent in this place.
 D = Time resting spent in this place.
 E = Time spent auto-exploring this place.
 F = Levels seen in this place.
 G = Mean time per level.
                   A        B        C        D        E       F      G
               +--------+--------+--------+--------+--------+-----+--------+
         Total |    270 |    270 |      0 |      0 |      0 |   1 |  270.0 |
       Dungeon |    270 |    270 |      0 |      0 |      0 |   1 |  270.0 |
               +--------+--------+--------+--------+--------+-----+--------+

Top non-repeatable levels by time:
     D:1: 270 daAuts
